 Dungeon Crawl Stone Soup version 0.26-a0-466-g989023bd0d (webtiles) character file.

Game seed: 2987730441675428287

92 pk666 the Magician (level 4, -3/24 HPs)
             Began as a Deep Elf Hedge Wizard on Aug 10, 2020.
             Was an Initiate of Vehumet.
             Slain by Ijyb (4 damage)
             ... on level 3 of the Dungeon.
             The game lasted 00:05:49 (2713 turns).

pk666 the Magician (Deep Elf Hedge Wizard)          Turns: 2713, Time: 00:05:50

Health: -3/24      AC:  2    Str:  7    XL:     4   Next: 35%
Magic:  1/13       EV: 13    Int: 20    God:    Vehumet [......]
Gold:   77         SH:  0    Dex: 14    Spells: 2/13 levels left

rFire    . . .     SeeInvis .   j - +1 dagger (elec)
rCold    . . .     Faith    .   (no shield)
rNeg     . . .     Spirit   .   b - +0 robe
rPois    .         Reflect  .   c - +0 hat
rElec    .         Harm     .   (no cloak)
rCorr    .                      (no gloves)
MR       .....                  (no boots)
Stlth    ++........             (no amulet)
HPRegen  0.08/turn              (no ring)
MPRegen  0.13/turn              (no ring)

@: no status effects
A: no striking features
a: Renounce Religion


You were on level 3 of the Dungeon.
You worshipped Vehumet.
Vehumet was noncommittal.
You visited 1 branch of the dungeon, and saw 3 of its levels.

You collected 77 gold pieces.

Inventory:

Hand Weapons
 j - a +1 dagger of electrocution (weapon)
Armour
 b - a +0 robe (worn)
 c - a +0 hat (worn)
Jewellery
 k - a cursed -4 ring of slaying {unknown}
 n - an uncursed ring of protection from fire {unknown}
Scrolls
 a - 2 scrolls of teleportation {unknown}
 d - a scroll of enchant weapon {unknown}
 g - 2 scrolls of noise {unknown}
 h - 5 scrolls of identify {unknown}
 l - 3 scrolls of amnesia {unknown}
Potions
 e - 3 potions of lignification {unknown}
 f - a potion of degeneration {unknown}
 i - a potion of haste {unknown}
 m - 2 potions of invisibility {unknown}
 o - 4 potions of heal wounds {unknown}
 p - a potion of stabbing {unknown}
 q - a potion of mutation {unknown}


   Skills:
 - Level 2.4 Dodging
 - Level 2.4 Stealth
 + Level 5.4 Spellcasting
 + Level 2.5 Conjurations
 + Level 1.5 Summonings
 - Level 2.0 Translocations
 + Level 0.9 Fire Magic
 + Level 0.7 Air Magic
 + Level 0.8 Poison Magic


You had 2 spell levels left.
You knew the following spells:

 Your Spells              Type           Power        Failure   Level
a - Magic Dart            Conj           ###.         4%          1
b - Blink                 Tloc           N/A          8%          2
c - Conjure Flame         Conj/Fire      ##......     17%         3
d - Mephitic Cloud        Conj/Pois/Air  ##......     19%         3
e - Call Imp              Summ           ##......     9%          2

Your spell library contained the following spells:

 Spells                   Type           Power        Failure   Level
 Slow                     Hex            #.......     17%         2


Dungeon Overview and Level Annotations

Branches:
Dungeon (3/15)

Altars:
Ashenzari
Vehumet

Annotations:
D:3 Ijyb


Message History

The magic dart hits Ijyb but does no damage.
Ijyb is almost dead.
Casting: Magic Dart (safe; 4% risk of failure)
Confirm with . or Enter, or press ? or * to list all spells.
Aiming: Magic Dart (safe; 4% risk of failure)
Press: ? - help, Shift-Dir - straight line, f/p - Ijyb
Aim: Ijyb, wearing a +0 ring mail and carrying a wand of acid (7) (almost dead, confused)
The magic dart hits Ijyb.
Ijyb is almost dead.
Ijyb seems less confused.
Ijyb zaps a wand.
The bolt of acid hits you!
You are splashed with acid!
Ouch! That really hurt!
* * * LOW HITPOINT WARNING * * *
Your crimson imp blinks!
Casting: Magic Dart (safe; 4% risk of failure)
Confirm with . or Enter, or press ? or * to list all spells.
You blink.
Ijyb screams, "It's all mine!"
Ijyb hits you.
You die...

.### ...### .#
.....# .#
#.##.### ##.#
#.##...## ##...##
#.####..#
##.....##
#.#####.#####
#.....5.# ....#
#.....###.......#
...>#
#####..##.@.....#
†<..#
##.†§g.§...##
....# #####.>...#
)...# .......#
##### .......#
#.......#
##.....## ##...##


You could see Ijyb and a friendly crimson imp (summoned).

Vanquished Creatures
  Robin (D:2)
  An adder (D:2)
  2 worms
  3 dart slugs (D:1)
  3 leopard geckos
  4 giant cockroaches
  11 goblins
  4 hobgoblins (D:2)
  3 jackals (D:1)
  5 kobolds (D:1)
  A quokka (D:3)
  A ball python (D:2)
  7 bats
  3 frilled lizards (D:1)
  5 rats (D:1)
54 creatures vanquished.

Vanquished Creatures (others)
  A hobgoblin (D:3)
1 creature vanquished.

Grand Total: 55 creatures vanquished

Notes
Turn   | Place    | Note
-------+----------+-------------------------------------------
     0 | D:1      | pk666 the Deep Elf Hedge Wizard began the quest for the
                  | Orb.
     0 | D:1      | Reached XP level 1. HP: 10/10 MP: 7/7
   268 | D:1      | Reached XP level 2. HP: 12/15 MP: 3/9
   321 | D:1      | Learned a level 2 spell: Blink
   582 | D:1      | Reached skill level 5 in Spellcasting
   783 | D:1      | Reached XP level 3. HP: 19/19 MP: 6/11
   788 | D:1      | Learned a level 3 spell: Conjure Flame
   792 | D:1      | Learned a level 3 spell: Mephitic Cloud
   795 | D:1      | Learned a level 2 spell: Call Imp
  1540 | D:2      | Noticed Robin
  1642 | D:2      | Killed Robin
  1661 | D:1      | Reached XP level 4. HP: 22/24 MP: 0/13
  2270 | D:2      | Found a radiant altar of Vehumet.
  2274 | D:2      | Became a worshipper of Vehumet
  2284 | D:2      | Found a shattered altar of Ashenzari.
  2622 | D:3      | Noticed Ijyb
  2712 | D:3      | HP: 1/24 [acid (13)]
  2713 | D:3      | Slain by Ijyb

Illustrated notes

Levels and vault maps discovered:
D:1:      wander_arrival_lonely_grave, layout_loops_ring
D:2:      layout_loops_ring, amethyst_overflow_temple_binary,
          minmay_misc_feat_tiny, uniq_robin
D:3:      layout_rooms, chequers_serial_rivers_micro_c, uniq_sigmund, uniq_ijyb

Skill      XL: |  1  2  3  4 |
---------------+-------------+-----
Conjurations   | 2 |  2.5
Spellcasting   | 5 |  5.4
Translocations | 2 |  2.0
Dodging        | |  2.4
Stealth        | |  2.4
Summonings     | |  1.5
Fire Magic     | |  0.9
Air Magic      | |  0.7
Poison Magic   | |  0.8

Action                   |  1- 3 |  4- 6 || total
-------------------------+-------+-------++-------
Melee: Dagger            |     6 |       ||     6
 Cast: Magic Dart        |   110 |    50 ||   160
       Mephitic Cloud    |     1 |     2 ||     3
       Blink             |       |     1 ||     1
       Call Imp          |       |     1 ||     1
Armor: Robe              |     3 |       ||     3
Dodge: Dodged            |    20 |     3 ||    23

Table legend: (Time is in decaauts)
 A = Elapsed time spent in this place.
 B = Non-inter-level travel time spent in this place.
 C = Inter-level travel time spent in this place.
 D = Time resting spent in this place.
 E = Time spent auto-exploring this place.
 F = Levels seen in this place.
 G = Mean time per level.
                   A        B        C        D        E       F      G
               +--------+--------+--------+--------+--------+-----+--------+
         Total |   2713 |   2675 |     38 |    957 |   1338 |   3 |  904.3 |
       Dungeon |   2713 |   2675 |     38 |    957 |   1338 |   3 |  904.3 |
               +--------+--------+--------+--------+--------+-----+--------+

Top non-repeatable levels by time:
     D:1: 1297 daAuts
     D:2: 1080 daAuts
     D:3: 335 daAuts
